AoeStats
← Ale Torra

Arena

510140586Analyzed
3v3 RM · 3d ago on Sep 29, 2026· 54m 48s· 6 players
Game mode
Random Map
Map size
Normal (6 player)
Population
200
Speed
Normal
Resources
Standard
Victory
Conquest
Starting age
Dark Age
Ending age
Imperial Age
RankedLock teamsTeams togetherTeam positionsShared explorationLock speedFull tech treeHidden civsTurbo modeCheats
Victory
Defeat
🇪🇸 Lithuanians · Spain
1154
+14
🇲🇽 Bulgarians · Mexico
1138
+15
🇬🇧 Britons · United Kingdom
1114
+16
🇪🇸 Mongols · Spain
1148
-17
🇪🇸 Poles · Spain
1093
-14
🇪🇸 Portuguese · Spain
1084
-14
Farrix
11:06 Feudal Age
15:24 Castle Age
16:40 Double-Bit Axe
16:37 Horse Collar
19:46 Fletching
21:32 Padded Archer Armor
21:13 Crossbowman
22:13 Crossbowman
22:35 Pikeman
25:11 Wheelbarrow
25:39 Forging
27:15 Scale Mail Armor
27:42 Bodkin Arrow
33:44 Bow Saw
36:33 Imperial Age
34:19 Hand Cart
34:26 Leather Archer Armor
34:47 Iron Casting
34:24 Loom
36:01 Squires
35:49 Arson
36:21 Chain Mail Armor
36:53 Arbalester
37:23 Capped Ram
38:49 Ballistics
39:10 Bracer
41:38 Chemistry
44:12 Two-Man Saw
43:15 Heavy Plow
43:05 Town Watch
43:13 Gold Mining
45:13 Yeomen
45:16 Conscription
55:47 Gold Shaft Mining
54:41 Halberdier
Hillary Clinton
10:55 Feudal Age
16:10 Castle Age
14:13 Double-Bit Axe
14:48 Horse Collar
25:00 Loom
28:36 Imperial Age
26:45 Wheelbarrow
26:33 Gold Mining
26:45 Heavy Plow
27:00 Bow Saw
27:34 Scale Barding Armor
27:40 Forging
28:17 Chain Barding Armor
28:11 Bloodlines
29:00 Husbandry
29:37 Iron Casting
29:45 Conscription
28:47 Cavalier
30:05 Plate Barding Armor
33:18 Paladin
47:53 Town Watch
48:26 Hand Cart
destroza_argentos
10:24 Feudal Age
11:43 Loom
14:39 Castle Age
14:18 Fletching
15:36 Bodkin Arrow
Filipo
0:29 Loom
11:53 Feudal Age
16:59 Castle Age
16:49 Stone Mining
16:43 Horse Collar
16:52 Double-Bit Axe
22:16 Fletching
26:04 Wheelbarrow
30:42 Imperial Age
29:21 Bodkin Arrow
29:44 Gold Mining
30:03 Murder Holes
34:12 Chemistry
35:28 Ballistics
36:23 Conscription
45:47 Pikeman
47:09 Halberdier
48:01 Scale Mail Armor
48:11 Forging
50:30 Iron Casting
Ale Torra
11:28 Feudal Age
9:43 Loom
16:26 Castle Age
22:49 Double-Bit Axe
23:48 Fletching
24:38 Bodkin Arrow
30:56 Imperial Age
32:53 Bracer
32:15 Elite Mangudai
33:16 Conscription
33:05 Padded Archer Armor
36:05 Bloodlines
35:55 Husbandry
36:55 Thumb Ring
37:16 Parthian Tactics
37:08 Leather Archer Armor
36:38 Horse Collar
38:07 Ballistics
39:25 Chemistry
46:27 Fortified Wall
46:41 Nomads
Sir Charles
5:44 Loom
12:30 Feudal Age
16:42 Castle Age
15:12 Double-Bit Axe
35:31 Horse Collar
37:30 Wheelbarrow
38:25 Wheelbarrow
40:18 Bow Saw
40:14 Heavy Plow
40:50 Gold Mining
41:23 Hand Cart
43:08 Szlachta Privileges
43:15 Scale Barding Armor
43:21 Forging
44:22 Chain Barding Armor
45:07 Iron Casting
44:23 Fletching
44:53 Stone Mining
45:16 Husbandry
45:27 Bloodlines
49:04 Imperial Age
49:13 Cavalier
50:25 Conscription
54:09 Blast Furnace
52:48 Light Cavalry
54:22 Crop Rotation
Connection lost

Rejoining the realm…

Still unreachable

The connection could not be restored.

Session expired

The server has moved on; the page needs a fresh start.